 Dungeon Crawl Stone Soup version 0.31-a0-210-gccc998df9b (webtiles) character file.

Game seed: 16657613462514727850

114 qw the Shooter (level 4, -1/37 HPs)
             Began as a Minotaur Hexslinger on June 29, 2023.
             Slain by Robin
             ... wielding a +0 spear
              (2 damage)
             ... on level 2 of the Dungeon.
             The game lasted 00:00:35 (1123 turns).

qw the Shooter (Minotaur Hexslinger)                Turns: 1123, Time: 00:00:35

Health: -1/37      AC:  4    Str: 13    XL:     4   Next: 67%
Magic:  4/4        EV: 12    Int: 10    God:
Gold:   70         SH:  0    Dex: 14    Spells: 4/5 levels left

rFire   . . .        Y - +1 sling
rCold   . . .        (no shield)
rNeg    + . .        f - +2 robe {rN+}
rPois   .            (helmet restricted)
rElec   .            (no cloak)
rCorr   .            (no gloves)
SInv    .            (no boots)
Will    .....        (no amulet)
Stlth   +            (no ring)
HPRegen 0.26/turn    (no ring)
MPRegen 0.09/turn

%: no passive effects
@: no status effects
A: horns 2, retaliatory headbutt
a: no special abilities


You were on level 2 of the Dungeon.
You visited 1 branch of the dungeon, and saw 2 of its levels.

You collected 70 gold pieces.


Innate Abilities, Weirdness & Mutations

You have a pair of horns on your head.
You reflexively headbutt those who attack you in melee.


   Skills:
 + Level 2.6 Fighting
 - Level 5.0 Ranged Weapons
 - Level 2.1 Dodging
 - Level 1.0 Spellcasting
 - Level 2.0 Hexes


You had 4 spell levels left.
You knew the following spells:

 Your Spells              Type           Power      Damage    Failure   Level
a - Slow                  Hex            16%        N/A       16%         1

Your spell library contained the following spells:

 Spells                   Type           Power      Damage    Failure   Level
 Inner Flame              Hex/Fire       2%         N/A       56%         3
 Portal Projectile        Hex/Tloc       4%         N/A       56%         3
 Cause Fear               Hex            2%         N/A       83%         4

Inventory:

Hand Weapons
 Y - a +1 sling (weapon)
Armour
 f - a +2 robe of positive energy (worn)
Potions
 a - a potion of enlightenment {unknown}
 b - a potion of mutation {unknown}
 d - a potion of curing

Dungeon Overview and Level Annotations

Branches:
Dungeon (2/15)

Altars:

Annotations:
D:2 Robin


Message History

Robin hits you from afar with a +0 spear.
You shoot a sling bullet.
The sling bullet completely misses the goblin.
You feel very sick. Robin misses you. The goblin closely misses you.
You shoot a sling bullet. The sling bullet hits the goblin.
You kill the goblin!
You feel sick.
Robin hits you from afar with a +0 spear.
Robin closely misses you.
You shoot a sling bullet. The sling bullet closely misses Robin.
You feel sick.
You hear a shout!
Robin closely misses you.
You hear a shout!
You shoot a sling bullet. The sling bullet hits Robin.
Robin is lightly wounded.
You feel sick. Robin barely misses you.
You shoot a sling bullet. The sling bullet closely misses Robin.
You feel sick. Robin barely misses you.
You shoot a sling bullet.
The sling bullet hits Robin but does no damage.
Robin is lightly wounded.
You feel sick.
You are no longer poisoned.
Robin hits you but does no damage.
You shoot a sling bullet. The sling bullet barely misses Robin.
Robin misses you.
You shoot a sling bullet. The sling bullet hits Robin.
Robin is heavily wounded.
Robin roars a battlecry!
You shoot a sling bullet. The sling bullet hits Robin!
Robin is almost dead.
Robin hits you but does no damage.
You shoot a sling bullet. The sling bullet closely misses Robin.
Robin hits you from afar with a +0 spear.
Robin hits you but does no damage.
You shoot a sling bullet. The sling bullet barely misses Robin.
Robin hits you from afar with a +0 spear.
You die...

### . #.. K# #.# g. #.# #.#
#.# #g# #.# #.#
######.######g####
#............).@)#
#.##.....###..##.# #..#
##.##.....###.# #.# #..#
.............?# #.# #..#
###.#.....###.###.#########..#
#.#.....###.............#..#
#.###.###....##.#######.#..#
#.# #.###....##.# ###.#..# #.#
#.##........## #......####


You could see Robin.

Vanquished Creatures
  Terence (D:2)
  4 adders (D:2)
  3 dart slugs
  4 ball pythons
  An endoplasm (D:2)
  2 giant cockroaches
  5 hobgoblins
  3 jackals (D:1)
  2 quokkas (D:1)
  A bat (D:1)
  3 frilled lizards (D:1)
  8 goblins
  3 kobolds (D:1)
  6 rats
46 creatures vanquished.

Notes
Turn   | Place    | Note
-------+----------+-------------------------------------------
     0 | D:1      | qw the Minotaur Hexslinger began the quest for the Orb.
     0 | D:1      | Reached XP level 1. HP: 16/16 MP: 1/1
     0 | D:1      | 0 ||| qw: Version: 0.3-a-24-ga2abf7b
     0 | D:1      | 0 ||| qw: Game counter: 6941
     0 | D:1      | 0 ||| qw: Melee chars always use a shield: true
     0 | D:1      | 0 ||| qw: God list: Okawaru
     0 | D:1      | 0 ||| qw: Allow faded altars: false
     0 | D:1      | 0 ||| qw: Do Orc after clearing Dungeon:15 true
     0 | D:1      | 0 ||| qw: Do second Lair branch before Depths: true
     0 | D:1      | 0 ||| qw: Lair rune preference: random
     0 | D:1      | 0 ||| qw: Goals: Normal
     0 | D:1      | 0 ||| PLANNING D:1-11
   113 | D:1      | Reached skill level 3 in Ranged Weapons
   179 | D:1      | Reached XP level 2. HP: 23/23 MP: 2/2
   272 | D:1      | You fall into a shaft and drop 1 floor!
   349 | D:2      | Reached XP level 3. HP: 30/30 MP: 3/3
   395 | D:2      | 395 ||| UPGRADING to +2 robe of positive energy.
   405 | D:2      | 405 ||| DROPPING +0 robe.
   406 | D:2      | 406 ||| READING scroll labelled CUKAECEOCH.
   407 | D:2      | 407 ||| DROPPING scroll of poison.
   720 | D:1      | Reached skill level 4 in Ranged Weapons
   759 | D:1      | 759 ||| READING scroll labelled GUDIGY CYSENE.
   760 | D:1      | 760 ||| DRINKING 2 red potions.
   849 | D:2      | Reached XP level 4. HP: 25/37 MP: 4/4
   957 | D:2      | Identified the +10 dagger of the Past {chaos, rPois}
   967 | D:2      | Noticed Terence
   988 | D:2      | Killed Terence
  1100 | D:2      | Noticed Robin
  1105 | D:2      | Reached skill level 5 in Ranged Weapons
  1106 | D:2      | 1106 ||| Stepping ~*~*~tactically~*~*~ (outnumbered).
  1113 | D:2      | HP: 8/37 [poisoned by a goblin]
  1117 | D:2      | HP: 3/37 [poisoned by a goblin]
  1122 | D:2      | HP: 1/37 [Robin/+0 spear (2)]
  1123 | D:2      | Slain by Robin

Levels and vault maps discovered:
D:1:      lightli_arrival_flooded_house, layout_basic
D:2:      layout_loops_ring, uniq_robin, uniq_terence, uniq_natasha

Skill      XL: |  1  2  3  4 |
---------------+-------------+-----
Ranged Weapons | 3 4 5 |  5.0
Fighting       | 2 |  2.6
Dodging        | |  2.1
Spellcasting   | |  1.0
Hexes          | |  2.0

Action                     |  1- 3 |  4- 6 || total
---------------------------+-------+-------++-------
   Fire: Sling             |    97 |    66 ||   163
    Use: Scroll            |     2 |       ||     2
         Potion            |     1 |       ||     1
 Armour: Robe              |     7 |    11 ||    18
  Dodge: Dodged            |    40 |    27 ||    67

Table legend:
 A = Non-vault XP
 B = Vault XP
 C = Vault XP percentage of total XP
 D = Non-vault monster count
 E = Vault monster count
 F = Vault count percentage of total count
                 A         B        C        D         E       F
            +---------+---------+-------+---------+---------+-------
      Total |     120 |      44 |  26.8 |      41 |       5 |  10.9
            +---------+---------+-------+---------+---------+-------
        D:1 |      47 |       0 |   0.0 |      27 |       0 |   0.0
        D:2 |      73 |      44 |  37.6 |      14 |       5 |  26.3
            +---------+---------+-------+---------+---------+-------
